 Dungeon Crawl Stone Soup version 0.24-a0-355-gbe4061de67 (webtiles) character file.

Game seed: 7865311261201507997

252 Borgoz the Ruffian (level 6, 0/52 HPs)
             Began as a Ghoul Monk on May 24, 2019.
             Slain by an orc
             ... wielding a +0 flail
              (1 damage)
             ... on level 4 of the Dungeon.
             The game lasted 00:03:58 (2687 turns).

Borgoz the Ruffian (Ghoul Monk)                     Turns: 2687, Time: 00:03:59

Health: 0/52       AC: 11    Str: 17 (20) XL:     6   Next: 13%
Magic:  14/14      EV:  6    Int:  8 (10) God:
Gold:   197        SH:  0    Dex:  9 (12) Spells: 5/5 levels left

rFire    . . .     SeeInvis .     - Unarmed
rCold    + . .     Gourm    .   (no shield)
rNeg     + + +     Faith    .   c - +0 plate armour
rPois    ∞         Spirit   .   (no helmet)
rElec    .         Reflect  .   (no cloak)
rCorr    .         Harm     .   (no gloves)
MR       .....                  (no boots)
Stlth    ..........             (no amulet)
HPRegen  0.00/turn              p - +4 ring of strength
MPRegen  0.14/turn              f - ring of magical power

@: confused, brilliant, rotting, hasted, very quick
A: rotting body, claws 1, carnivore, cold resistance 1, negative energy
resistance 3, inhibited regeneration, torment resistance, unbreathing
a: no special abilities


You were on level 4 of the Dungeon.
You were not hungry.

You visited 1 branch of the dungeon, and saw 4 of its levels.

You collected 197 gold pieces.

Inventory:

Armour
 c - a +0 plate armour (worn)
Jewellery
 f - a ring of magical power (right claw)
 p - a +4 ring of strength (left claw)
 v - an uncursed ring of see invisible {unknown}
Wands
 t - a wand of paralysis (4)
Scrolls
 e - 2 scrolls of teleportation {unknown}
 j - a scroll of fog {unknown}
 k - 3 scrolls of amnesia {unknown}
 l - a scroll of enchant weapon {unknown}
 m - a scroll of vulnerability {unknown}
 q - a scroll of enchant armour {unknown}
 s - a scroll of identify
 u - a scroll of fear {unknown}
Potions
 a - 2 potions of magic
 g - a potion of cancellation
 h - a potion of heal wounds {unknown}
 i - 3 potions of resistance
 n - 2 potions of might
Comestibles
 b - 7 rations


   Skills:
 + Level 4.0 Fighting
 * Level 2.6 Armour
 * Level 3.9 Dodging
 - Level 2.1 Stealth
 * Level 4.8 Unarmed Combat


You had 5 spell levels left.
You didn't know any spells.
Your spell library was empty.

Dungeon Overview and Level Annotations

Branches:
Dungeon (4/15)
 Temple: D:4-7

Altars:
Elyvilon
Sif Muna
Wu Jian


Innate Abilities, Weirdness & Mutations

Your body is rotting away.
You thrive on raw meat.
You are immune to poison.
You have sharp fingernails.
You are carnivorous and can eat meat at any time.
Your flesh is cold resistant. (rC+)
You are immune to negative energy. (rN+++)
You do not regenerate when monsters are visible.
You are immune to unholy pain and torment.
You can survive without breathing.


Message History

You kill the adder!
The orc hits you with a +0 flail.
* * * LOW HITPOINT WARNING * * *
You hear some strange, mumbled words.
You are confused.
You're too confused to move!
The orc closely misses you. Something hits you but does no damage.
The orc hits you with a +0 flail.
* * * LOW HITPOINT WARNING * * *
It was a potion of brilliance.
You feel clever all of a sudden. The orc hits you but does no damage.
Something completely misses you. The orc hits you with a +0 flail.
* * * LOW HITPOINT WARNING * * *
It was a potion of haste.
You feel yourself speed up. The orc hits you but does no damage.
Something hits you but does no damage.
It was a potion of degeneration.
There was something very wrong with that liquid.
You feel weakened.
You feel dopey.
You feel clumsy. The orc hits you with a +0 flail.
You die...

........# ?.......#
........# ........#
........#
........##+#
.......oo..#
......{@####
...........# ..
.........#.# ..
......)..# # ..
.........# # ..
.........###.### ..
.......#.......#
..###
############.##.#.#
#.#<###.............#


You could see 2 orcs.

Vanquished Creatures
  An ogre (D:2)
  A worker ant (D:3)
  6 adders
  An ooze (D:3)
  A worm (D:2)
  2 dart slugs
  6 leopard geckos
  4 orcs
  3 giant cockroaches (D:3)
  8 goblins
  9 hobgoblins
  4 jackals
  3 quokkas
  5 bats
  3 frilled lizards
  10 kobolds
  2 rats (D:1)
69 creatures vanquished.

Notes
Turn   | Place    | Note
-------+----------+-------------------------------------------
     0 | D:1      | Borgoz the Ghoul Monk began the quest for the Orb.
     0 | D:1      | Reached XP level 1. HP: 19/19 MP: 0/0
    62 | D:1      | Reached XP level 2. HP: 20/26 MP: 1/1
   325 | D:1      | Reached skill level 1 in Armour
   452 | D:1      | Reached XP level 3. HP: 24/31 MP: 2/2
  1007 | D:2      | Noticed an ogre
  1020 | D:2      | Killed an ogre
  1020 | D:2      | Reached XP level 4. HP: 11/40 MP: 3/3
  1020 | D:2      | Reached XP level 5. HP: 13/46 MP: 4/4
  1088 | D:2      | Found a white marble altar of Elyvilon.
  1088 | D:2      | Found a deep blue altar of Sif Muna.
  2255 | D:3      | Found an ornate altar of the Wu Jian Council.
  2277 | D:3      | Reached XP level 6. HP: 52/52 MP: 5/5
  2685 | D:4      | HP: 1/52 [orc/+0 flail (2)]
  2687 | D:4      | Slain by an orc

Levels and vault maps discovered:
D:1:      psy_arrival_radial02, layout_basic
D:2:      layout_loops_ring, gammafunk_temple_overflow_elements, first_ration,
          dk_noncrumbling_4
D:3:      minmay_general_purpose_star, layout_basic,
          nicolae_overflow_crystal_walls
D:4:      layout_basic, serial_shops, nicolae_shop_waterfront

Skill      XL: |  1  2  3  4  5 |
---------------+----------------+-----
Dodging        | 3 |  3.9
Armour         | 1 2 |  2.6
Unarmed Combat | 4 |  4.8
Fighting       | 4 |  4.0
Stealth        | |  2.1

Action                   |  1- 3 |  4- 6 || total
-------------------------+-------+-------++-------
Melee: Unarmed           |   102 |   154 ||   256
       Punch             |     1 |     2 ||     3
  Use: Scroll            |       |     5 ||     5
       Potion            |       |     3 ||     3
  Eat: Chunk             |     2 |     5 ||     7
Armor: Robe              |     3 |       ||     3
       Scale mail        |    32 |     1 ||    33
       Plate armour      |       |   111 ||   111
Dodge: Dodged            |    59 |    56 ||   115

Table legend:
 A = Non-vault XP
 B = Vault XP
 C = Vault XP percentage of total XP
 D = Non-vault monster count
 E = Vault monster count
 F = Vault count percentage of total count
                 A         B        C        D         E       F
            +---------+---------+-------+---------+---------+-------
      Total |     350 |      10 |   2.8 |      66 |       3 |   4.3
            +---------+---------+-------+---------+---------+-------
        D:1 |      47 |       0 |   0.0 |      25 |       0 |   0.0
        D:2 |     162 |       0 |   0.0 |      17 |       0 |   0.0
        D:3 |     125 |      10 |   7.4 |      22 |       3 |  12.0
        D:4 |      16 |       0 |   0.0 |       2 |       0 |   0.0
            +---------+---------+-------+---------+---------+-------
